 Dungeon Crawl Stone Soup version 0.21-a0-151-ga4fe563 (webtiles) character file.

300 AverageBear the Cutter (level 6, 36/36 HPs)
             Began as a Deep Elf Fighter on July 30, 2017.
             Was an Initiate of Ashenzari.
             Quit the game on level 4 of the Dungeon.
             The game lasted 00:03:07 (3669 turns).

AverageBear the Cutter (Deep Elf Fighter)           Turns: 3669, Time: 00:03:08

Health: 36/36      AC:  7    Str: 15    XL:     6   Next: 13%
Magic:  8/8        EV:  6    Int: 13    God:    Ashenzari [......]
Gold:   215        SH:  9    Dex: 18    Spells: 5/5 levels left

rFire    . . .     SeeInvis .   a - +0 rapier
rCold    . . .     Gourm    .   c - +0 shield
rNeg     . . .     Faith    .   b - +1 scale mail
rPois    .         Spirit   .   (no helmet)
rElec    .         Reflect  .   (no cloak)
rCorr    .         Harm     .   (no gloves)
MR       .....                  (no boots)
Stlth    ..........             (no amulet)
HPRegen  0.12/turn              g - +4 ring of dexterity
MPRegen  0.11/turn              (no ring)

@: no status effects
A: no striking features
a: Curse Item, Renounce Religion


You were on level 4 of the Dungeon.
You worshipped Ashenzari.
Ashenzari was noncommittal.
You were not hungry.

You visited 1 branch of the dungeon, and saw 4 of its levels.

You collected 215 gold pieces.

Inventory:

Hand Weapons
 a - a +0 rapier (weapon)
Armour
 b - a +1 scale mail (worn)
 c - a +0 shield (worn)
Jewellery
 g - a +4 ring of dexterity (left hand)
Scrolls
 e - 2 scrolls of teleportation
 h - 2 scrolls of magic mapping
 i - a scroll of amnesia
 k - a scroll of recharging
 n - a scroll of identify
 s - a scroll of fear
 u - a scroll of remove curse
Potions
 j - a potion of heal wounds {unknown}
 l - a potion of brilliance {unknown}
 o - a potion of cancellation {unknown}
 q - a potion of curing {unknown}
 r - a potion of resistance
 v - a potion of mutation {unknown}
Books
 d - a book of Necromancy

   Spells                             Type                      Level
   a - Pain                           Necromancy                   1
   b - Animate Skeleton               Necromancy                   1
   c - Vampiric Draining              Necromancy                   3
   d - Regeneration                   Charms/Necromancy            3
   e - Animate Dead                   Necromancy                   4
   f - Control Undead                 Necromancy                   4
Comestibles
 f - 3 bread rations
 m - 3 royal jellies
 p - 3 fruits


   Skills:
 - Level 2.4 Fighting
 + Level 6.5 Short Blades
 - Level 2.4 Armour
 - Level 2.4 Shields


You had 5 spell levels left.
You didn't know any spells.

Dungeon Overview and Level Annotations

Branches:
Dungeon (4/15)             Temple (0/1) D:4

Altars:
Ashenzari


Message History

No target in view!
Some of the chunks of flesh in your inventory have rotted away.
v - a fizzy purple potion No target in view!
You now have 197 gold pieces (gained 15).
Found a stone staircase leading up.
No target in view!
All of the chunks of flesh in your inventory have rotted away.
You now have 215 gold pieces (gained 18).
Key pressed, stopping explore.
No target in view!
Found a stone staircase leading up.
No target in view!
Done exploring.
No target in view!
Done exploring.
No target in view!
Done exploring.
No target in view!
Are you sure you want to abandon this character and quit the game? (Confirm with "yes".)

..###########.# #.#
............#.# #.#
.##########.#.# #.#
.#<.........#.# #.#
.############.##########.#
.# #.#..........# .#
#.#.##########
.############.#.#<..#
..............#.@...#
#############.#.#.###
#######


There were no monsters in sight!

Vanquished Creatures
  2 orc wizards
  2 orc priests
  An iguana (D:4)
  A hound skeleton (D:4)
  3 adders
  An ooze (D:3)
  2 worms (D:4)
  5 dart slugs
  2 leopard geckos (D:1)
  8 orcs
  3 bats
  2 giant cockroaches
  7 goblins
  13 hobgoblins
  12 jackals
  5 kobolds
  A quokka (D:4)
  3 ball pythons
  5 frilled lizards
  6 rats
84 creatures vanquished.

Notes
Turn   | Place    | Note
-------+----------+-------------------------------------------
     0 | D:1      | AverageBear the Deep Elf Fighter began the quest for the Orb.
     0 | D:1      | Reached XP level 1. HP: 13/13 MP: 3/3
   170 | D:1      | Reached XP level 2. HP: 13/18 MP: 4/4
   253 | D:1      | Reached skill level 3 in Short Blades
   716 | D:1      | Reached XP level 3. HP: 22/22 MP: 5/5
  1322 | D:2      | Reached skill level 4 in Short Blades
  1791 | D:3      | Reached XP level 4. HP: 4/27 MP: 6/6
  2075 | D:3      | Reached skill level 5 in Short Blades
  2396 | D:3      | Reached XP level 5. HP: 22/31 MP: 7/7
  2629 | D:4      | Reached skill level 6 in Short Blades
  2967 | D:4      | Found a shattered altar of Ashenzari.
  3014 | D:4      | Reached XP level 6. HP: 11/36 MP: 8/8
  3019 | D:4      | Became a worshipper of Ashenzari the Shackled
  3475 | D:4      | Found a staircase to the Ecumenical Temple.
  3669 | D:4      | Quit the game

Vault maps used:
D:1:      eino_arrival_druids_welcome, minmay_split_cup_small
D:2:      st_stairs_9
D:3:      minmay_cupped
D:4:      ashenzari_conservatory_becter, minmay_temple_entry_overgrown,
          glass_columns_a

Skill      XL: |  1  2  3  4  5 |
---------------+----------------+-----
Short Blades   | 3 4 5 6 |  6.5
Fighting       | |  2.4
Armour         | |  2.4
Shields        | |  2.4

Action                   |  1- 3 |  4- 6 || total
-------------------------+-------+-------++-------
Melee: Rapier            |   142 |   165 ||   307
  Use: Potion            |       |     1 ||     1
       Scroll            |       |     7 ||     7
  Eat: Chunk             |     3 |     6 ||     9
Armor: Scale mail        |    74 |    36 ||   110
Dodge: Dodged            |    28 |    35 ||    63
Block: Shield            |    60 |    44 ||   104
